 Dungeon Crawl Stone Soup version 0.21.1-1-g345015f (webtiles) character file.

879 inc the Fighter (level 7, -9/34 HPs)
             Began as a Felid Monk on Mar 7, 2018.
             Was a Follower of Ru.
             Killed from afar by a steam dragon (14 damage)
             ... with a ball of steam
             ... on level 9 of the Dungeon.
             The game lasted 00:14:05 (8453 turns).

inc the Fighter (Felid Monk)                        Turns: 8453, Time: 00:14:06

Health: -9/34      AC:  2    Str:  5    XL:     7   Next: 75%
Magic:  7/7        EV: 23    Int: 14    God:    Ru [*.....]
Gold:   395        SH:  0    Dex: 21    Spells: 6/6 levels left
                                        Lives:  0   Deaths: 2

rFire    . . .     SeeInvis +     - Unarmed
rCold    . . .     Gourm    .   (shield unavailable)
rNeg     . . .     Faith    +   (armour unavailable)
rPois    +         Spirit   .   (helmet unavailable)
rElec    .         Reflect  .   (cloak unavailable)
rCorr    .         Harm     .   (gloves unavailable)
MR       +....                  (boots unavailable)
Stlth    ++++......             h - amulet of faith
HPRegen  0.11/turn              r - ring of poison resistance
MPRegen  0.10/turn              (no ring)

@: no scrolls, hasted, very quick
A: very small, no armour, no weapons or thrown items, stealth, claws 1, fangs 3,
thin skeletal structure 1, see invisible, carnivore, speed 1, frail 1, low mp 1,
shaggy fur 2, slow metabolism 1, weak 1, inability to read while threatened,
sharp paws
a: Renounce Religion


You were on level 9 of the Dungeon.
You worshipped Ru.
Ru was aware of your devotion.
You were not hungry.

You visited 2 branches of the dungeon, and saw 10 of its levels.

You collected 395 gold pieces.

Inventory:

Jewellery
 c - an uncursed amulet of magic regeneration {unknown}
 h - an amulet of faith (around neck)
 r - a ring of poison resistance (left paw)
Wands
 k - a wand of flame (31)
 l - a wand of acid (2)
 x - a wand of random effects (22)
Scrolls
 b - 2 scrolls of magic mapping
 e - 3 scrolls of fog {unknown}
 f - 4 scrolls of amnesia
 g - a scroll of identify
 i - 2 scrolls of remove curse {unknown}
 j - 2 scrolls of immolation
 o - a scroll of noise {unknown}
 q - a scroll of fear {unknown}
 t - 3 scrolls of teleportation {unknown}
Potions
 d - 2 potions of brilliance
 n - a potion of cancellation
Comestibles
 a - 14 rations


   Skills:
 - Level 9.3 Fighting
 - Level 6.5 Dodging
 - Level 5.7 Stealth
 + Level 8.0 Unarmed Combat


You had 6 spell levels left.
You didn't know any spells.

Dungeon Overview and Level Annotations

Branches:
Dungeon (9/15)             Temple (1/1) D:6            Lair (0/6) D:8
    Orc: D:9-12

Altars:
Ashenzari
Cheibriados
Dithmenos
Elyvilon
Fedhas
Gozag
Hepliaklqana
Kikubaaqudgha
Makhleb
Nemelex Xobeh
Okawaru
Qazlal
Ru
Sif Muna
Trog
Uskayaw
Vehumet
Wu Jian
Xom
Yredelemnul
Zin
The Shining One

Shops:
D:4 }

Annotations:
D:7 Goblin1989's ghost, novice DsTm


Innate Abilities, Weirdness & Mutations

You cannot wear armour.
You are incapable of wielding weapons or throwing items.
Your paws allow you to move quietly. (Stealth)
You have sharp claws.
You have razor-sharp teeth.
You have supernaturally acute eyesight. (SInv)
You are carnivorous and can eat meat at any time.
You cover ground quickly.
You are covered in thick fur. (AC +2)
You have a slow metabolism.
You cannot read scrolls while threatened.
Your sharp claws are effective at attacking unaware monsters.
You have a somewhat thin skeletal structure. (Dex +2, Stealth)
You are frail. (-10% HP)
Your magical capacity is low. (-10% MP)
You are weak. (Str -2)


Message History

You claw the steam dragon!
The steam dragon is heavily wounded.
You scratch the steam dragon.
The steam dragon is heavily wounded.
The steam dragon completely misses you. The steam dragon claws you.
* * * LOW HITPOINT WARNING * * *
You claw the steam dragon!
The steam dragon is severely wounded.
You scratch the steam dragon but do no damage.
The steam dragon is severely wounded.
The steam dragon bites you.
* * * LOW HITPOINT WARNING * * *
The steam dragon misses you.
You scratch the steam dragon.
The steam dragon is almost dead.
You barely miss the steam dragon.
The steam dragon is almost dead.
The steam dragon breathes steam at you. The ball of steam hits you!
You die...

#.#..#.#
#####......#
..........#
#..#####.#
#........#
#..#........#
#...........#
.#####'#...#
#.@...#...#
##D####...#
....h..........#
........!#.....#
.........# .#..#
.........# ...#
.......... ..
########## #


You could see a steam dragon.

Vanquished Creatures
  2 dream sheep (D:8)
  A wyvern (D:8)
  2 yaks (D:8)
  A sky beast (D:6)
  2 ogres
  A phantom (D:8)
  A centaur (D:9)
  3 big kobolds
  2 bullfrogs
  2 scorpions
  A water moccasin skeleton (D:5)
  2 wights (D:7)
  2 killer bees
  A howler monkey (D:4)
  2 crimson imps
  2 jellies
  A bullfrog skeleton (D:5)
  2 orc wizards
  2 hounds
  Jessica (D:2)
  An iguana (D:4)
  2 worker ants (D:8)
  A hound skeleton (D:4)
  A howler monkey skeleton (D:4)
  15 adders
  A gnoll (D:1)
  2 worms
  4 leopard geckos
  9 orcs
  5 bats
  8 giant cockroaches
  A goblin (D:3)
  12 hobgoblins
  4 jackals (D:3)
  12 kobolds
  5 quokkas
  3 ball pythons
  3 frilled lizards
  A quokka skeleton (D:4)
  5 rats
128 creatures vanquished.

Notes
Turn   | Place    | Note
-------+----------+-------------------------------------------
     0 | D:1      | inc the Felid Monk began the quest for the Orb.
     0 | D:1      | Reached XP level 1. HP: 10/10 MP: 2/2
   359 | D:1      | Reached XP level 2. HP: 4/14 MP: 3/3
  1018 | D:2      | Reached XP level 3. HP: 16/17 MP: 4/4
  1687 | D:2      | Reached XP level 4. HP: 16/21 MP: 5/5
  1695 | D:2      | Reached skill level 5 in Unarmed Combat
  2177 | D:2      | Noticed Jessica
  2184 | D:2      | Killed Jessica
  2726 | D:3      | Reached XP level 5. HP: 22/24 MP: 6/6
  3439 | D:4      | Found a glowing golden altar of the Shining One.
  3692 | D:4      | Found Ynimahos's Gadget Shop.
  3771 | D:4      | Gained mutation: You are covered in thick fur. (AC +2) [Felid growth]
  3771 | D:4      | Reached XP level 6. HP: 18/28 MP: 7/7
  3972 | D:4      | Gained mutation: Your magical capacity is low. (-10% MP) [potion of mutation]
  3972 | D:4      | Gained mutation: You are frail. (-10% HP) [potion of mutation]
  3972 | D:4      | Gained mutation: You are weak. (Str -2) [potion of mutation]
  3972 | D:4      | Gained mutation: You have a somewhat thin skeletal structure. (Dex +2, Stealth) [potion of mutation]
  4343 | D:5      | Entered Level 5 of the Dungeon
  4463 | D:5      | Reached skill level 5 in Stealth
  4886 | D:5      | Reached XP level 7. HP: 27/27 MP: 7/7
  5275 | D:6      | Reached skill level 5 in Dodging
  5742 | D:6      | Found a staircase to the Ecumenical Temple.
  5751 | Temple   | Entered the Ecumenical Temple
  5915 | Temple   | Became a worshipper of Ru the Awakened
  5934 | Temple   | Gained mutation: You cannot read scrolls while threatened. [Ru sacrifice]
  5934 | Temple   | Reached * piety under Ru
  6406 | D:7      | Noticed Goblin1989's ghost (novice DsTm)
  7101 | D:7      | Found a white marble altar of Elyvilon.
  7117 | D:7      | Reached skill level 4 in Fighting
  7139 | D:7      | Reached skill level 5 in Fighting
  7139 | D:7      | Reached XP level 8. HP: 33/33 MP: 8/8
  7400 | D:8      | Reached skill level 6 in Fighting
  7450 | D:8      | Noticed a dream sheep
  7474 | D:8      | Reached skill level 7 in Fighting
  7481 | D:8      | Killed a dream sheep
  7481 | D:8      | Reached skill level 8 in Fighting
  7482 | D:8      | Noticed a dream sheep
  7535 | D:8      | Killed a dream sheep
  7535 | D:8      | Reached XP level 9. HP: 17/40 MP: 9/9
  7546 | D:8      | Reached skill level 9 in Fighting
  7649 | D:8      | Killed from afar by an orc wizard
  7650 | D:8      | Reached XP level 8. HP: -6/37 MP: 8/8
  7685 | D:8      | Noticed a death yak
  7686 | D:8      | Found a staircase to the Lair.
  7861 | D:8      | Noticed a death yak
  7919 | D:8      | Noticed a two-headed hydra
  7978 | D:7      | Slain by a killer bee
  7979 | D:7      | Reached XP level 7. HP: -3/34 MP: 7/7
  8031 | D:9      | HP: 1/34 [poisoned by a killer bee]
  8437 | D:9      | Noticed a steam dragon
  8453 | D:9      | Killed from afar by a steam dragon

Skill      XL: |  1  2  3  4  5  6  7  8  9 |
---------------+----------------------------+-----
Unarmed Combat | 4 5 6 7 8 |  8.0
Stealth        | 5 |  5.7
Dodging        | 6 |  6.5
Fighting       | 5 8 9 |  9.3

Action                   |  1- 3 |  4- 6 |  7- 9 || total
-------------------------+-------+-------+-------++-------
Melee: Unarmed           |    81 |   223 |   237 ||   541
       Bite              |     7 |    19 |    24 ||    50
       Punch             |     1 |     3 |    10 ||    14
Invok: Sacrifice Words   |       |       |     1 ||     1
  Use: Scroll            |     2 |     8 |     4 ||    14
       Potion            |     1 |     3 |    15 ||    19
 Stab: Sleeping          |     4 |    11 |     6 ||    21
  Eat: Chunk             |     1 |     7 |     1 ||     9
       Ration            |       |       |     2 ||     2
Armor: Skin              |     1 |     4 |    46 ||    51
Dodge: Dodged            |    74 |   155 |   198 ||   427
